AoeStats
← Chalumnor

MegaRandom

509934089Analyzed
3v3 RM · 3d ago on Sep 28, 2026· 51m 9s· 6 players
Game mode
Random Map
Map size
Normal (6 player)
Population
200
Speed
Normal
Resources
Standard
Victory
Conquest
Starting age
Dark Age
Ending age
Imperial Age
RankedLock teamsTeams togetherTeam positionsShared explorationLock speedFull tech treeHidden civsTurbo modeCheats
Victory
Defeat
🇬🇧 Varangians · United Kingdom
931
+11
🇬🇧 Danes · United Kingdom
924
+12
🇳🇴 Spanish · Norway
765
+18
🇹🇷 Cumans · Türkiye
840
-14
🇺🇸 Gurjaras · United States
819
-14
🇫🇷 Burgundians · France
815
-13
Chalumnor
2:58 Loom
8:38 Double-Bit Axe
13:43 Feudal Age
13:09 Fishing Lines
17:42 Wheelbarrow
16:52 Town Watch
17:46 Gold Mining
17:47 Stone Mining
18:25 Bow Saw
20:57 Castle Age
19:37 Gillnets
20:22 Horse Collar
20:56 Forging
20:36 Fletching
20:47 Padded Archer Armor
20:47 Scale Mail Armor
20:53 Scale Barding Armor
21:27 Gold Shaft Mining
21:28 Stone Shaft Mining
26:06 Hand Cart
29:05 Fervor
34:43 Imperial Age
33:34 Murder Holes
34:01 Ballistics
35:47 Conscription
37:42 Iron Casting
37:03 Bodkin Arrow
37:29 Chain Barding Armor
37:12 Caravan
38:38 Chemistry
37:20 Treadmill Crane
40:34 Husbandry
40:07 Elite Coustillier
41:35 Heavy Plow
42:42 Two-Man Saw
42:47 Blast Furnace
41:48 Bracer
43:32 Guilds
44:00 Plate Barding Armor
48:05 Burgundian Vineyards
Zedarr
0:30 Loom
13:53 Feudal Age
15:12 Double-Bit Axe
15:12 Horse Collar
20:36 Castle Age
20:38 Stone Mining
20:58 Gold Mining
25:28 Pikeman
30:56 Steppe Husbandry
33:05 Padded Archer Armor
32:56 Fletching
33:18 Forging
33:08 Scale Mail Armor
33:05 Capped Ram
40:48 Imperial Age
Phobos scattered my army
8:19 Loom
10:52 Feudal Age
21:01 Castle Age
26:22 Imperial Age
26:15 Horse Collar
27:00 Double-Bit Axe
31:53 Gold Mining
33:31 Kshatriyas
39:03 Husbandry
39:19 Bloodlines
41:51 Heavy Plow
43:53 Heavy Camel Rider
45:51 Scale Barding Armor
45:58 Forging
45:41 Elite Shrivamsha Rider
47:58 Chain Barding Armor
BeakedBulb13202
4:25 Loom
4:59 Loom
10:44 Feudal Age
12:12 Fishing Lines
13:21 Double-Bit Axe
14:39 Wheelbarrow
16:00 Gold Mining
23:27 Castle Age
22:49 Forging
22:45 Scale Barding Armor
22:54 Bloodlines
24:15 Gillnets
24:40 Medium Warships
25:55 Bow Saw
28:37 Iron Casting
29:44 Scale Mail Armor
30:31 Hand Cart
36:58 Imperial Age
38:55 Gold Shaft Mining
40:37 Chemistry
39:56 Capped Ram
40:52 Horse Collar
42:19 Elite Longship
43:28 Heavy Warships
43:27 Careening
43:28 Clinker Construction
47:54 Conscription
47:00 Onager
49:12 Siege Onager
Bobby Zamora 25
12:24 Feudal Age
13:44 Fishing Lines
14:00 Double-Bit Axe
24:34 Castle Age
24:48 Castle Age
23:11 Scale Mail Armor
23:21 Forging
25:58 Bow Saw
27:05 Wheelbarrow
29:06 Gillnets
29:40 Hand Cart
28:58 Pikeman
29:39 Squires
29:25 Arson
30:07 Chain Mail Armor
30:28 Iron Casting
29:44 Fletching
31:40 Gold Mining
36:35 Imperial Age
33:54 Horse Collar
36:38 Bodkin Arrow
38:04 Gothikon
38:46 Padded Archer Armor
38:49 Bracer
39:20 Plate Mail Armor
39:51 Blast Furnace
39:17 Ballistics
39:58 Chemistry
38:34 Elite Varangian Guard
39:27 Murder Holes
41:26 Chemistry
KoN_Air
12:25 Feudal Age
12:03 Loom
17:29 Castle Age
16:16 Double-Bit Axe
16:58 Stone Mining
20:12 Bow Saw
19:56 Gold Mining
24:09 Wheelbarrow
28:17 Bloodlines
28:09 Husbandry
28:27 Padded Archer Armor
28:18 Fletching
28:18 Town Watch
32:37 Imperial Age
30:28 Hand Cart
32:48 Pikeman
33:28 Squires
33:14 Arson
33:50 Leather Archer Armor
33:31 Bodkin Arrow
33:49 Forging
33:39 Scale Mail Armor
34:16 Capped Ram
38:27 Elite Skirmisher
39:13 Thumb Ring
39:26 Cavalier
42:32 Chain Mail Armor
42:52 Iron Casting
42:18 Bracer
42:49 Ring Archer Armor
42:57 Stone Shaft Mining
42:04 Halberdier
42:41 Paladin
45:37 Town Patrol
46:53 Siege Ram
47:59 Horse Collar
Connection lost

Rejoining the realm…

Still unreachable

The connection could not be restored.

Session expired

The server has moved on; the page needs a fresh start.